 Dungeon Crawl Stone Soup version 0.29.0-4-gdea44cf6ec (webtiles) character file.

Game seed: 6352405017425985417

33 qw the Chopper (level 3, -2/21 HPs)
             Began as a Tengu Warper on Aug 28, 2022.
             Slain by a gnoll
             ... wielding a +0 spear
              (7 damage)
             ... on level 2 of the Dungeon.
             The game lasted 00:00:07 (1309 turns).

qw the Chopper (Tengu Warper)                       Turns: 1309, Time: 00:00:08

Health: -2/21      AC:  7    Str: 13    XL:     3   Next: 29%
Magic:  7/7        EV:  9    Int: 13    God:
Gold:   70         SH:  0    Dex: 13    Spells: 6/6 levels left

rFire   . . .      SeeInvis .   Y - +0 hand axe
rCold   . . .      Faith    .   (no shield)
rNeg    . . .      Spirit   .   d - +0 scale mail
rPois   .          Reflect  .   (helmet restricted)
rElec   .          Harm     .   (no cloak)
rCorr   .          Rampage  .   e - +0 pair of gloves
Will    .....                   (boots unavailable)
Stlth   ..........              (no amulet)
HPRegen 0.07/turn               (no ring)
MPRegen 0.10/turn               (no ring)

@: no status effects
A: beak, talons 3
a: no special abilities


You were on level 2 of the Dungeon.
You visited 1 branch of the dungeon, and saw 2 of its levels.

You collected 70 gold pieces.


Innate Abilities, Weirdness & Mutations

You have a beak for a mouth.
You have claws for feet.


   Skills:
 - Level 2.0 Fighting
 + Level 4.0 Axes
 - Level 1.0 Throwing
 - Level 1.1 Armour
 - Level 2.1 Dodging
 - Level 2.0 Spellcasting
 - Level 2.4 Translocations


You had 6 spell levels left.
You didn't know any spells.
Your spell library contained the following spells:

 Spells                   Type           Power      Damage    Failure   Level
 Blink                    Tloc           14%        N/A       56%         2
 Gell's Gravitas          Tloc           7%         N/A       80%         3
 Lesser Beckoning         Tloc           7%         N/A       80%         3
 Teleport Other           Tloc           7%         N/A       80%         3
 Manifold Assault         Tloc           7%         N/A       100%        5

Inventory:

Hand Weapons
 f - a +0 whip
 Y - a +0 hand axe (weapon)
Armour
 d - a +0 scale mail (worn)
 e - a +0 pair of gloves (worn)
Scrolls
 a - a scroll of magic mapping {unknown}
 h - 2 scrolls of identify

Dungeon Overview and Level Annotations

Branches:
Dungeon (2/15)

Altars:


Message History

There is an open door here.
You see here a +0 ring mail.
Found a whip.
You see here a +0 whip.
Found a robe.
A gnoll comes into view. It is wielding a +0 spear.
Found a stone staircase leading down.
The gnoll shouts!
1298 ||| Stepping ~*~*~tactically~*~*~ (hiding).
You start waiting.
A gnoll is nearby!
1300 ||| Stepping ~*~*~tactically~*~*~ (hiding).
You start waiting.
A gnoll is nearby!
The gnoll hits you from afar with a +0 spear.
A gnoll comes into view. It is wielding a +0 whip.
1303 ||| Stepping ~*~*~tactically~*~*~ (stealth).
An endoplasm comes into view.
The endoplasm quivers.
The gnoll closely misses you.
You barely miss the gnoll. You claw the gnoll.
The gnoll is heavily wounded.
The gnoll hits you with a +0 spear.
You hit the gnoll.
The gnoll is severely wounded.
You hit the gnoll.
The gnoll is severely wounded.
You hit the gnoll but do no damage. The gnoll hits you with a +0 spear.
The gnoll hits you with a +0 whip.
A gnoll comes into view. It is wielding a +0 whip of venom.
The gnoll shouts!
You hit the gnoll. You peck the gnoll, but do no damage.
The gnoll is almost dead.
You hit the gnoll. The gnoll hits you with a +0 spear.
The gnoll closely misses you.
You closely miss the gnoll. Your kick misses the gnoll.
The gnoll is almost dead.
You hit the gnoll. The gnoll hits you with a +0 spear!
You die...

##.... #.###
#.) .....##.#
#.. #... #..#
##. ... #.## #.
#... #.#
#.##### #. ...
#.###.....# ##
..#
##.........#
..#
###g)###.....#
.. #.g@.#
#.....# ##.
#..##.# #.....#
..####
#.#.....#######
.....#
#g.#....[#
#.##.# ...
#....... #.##.#
###> ###.....#
#.##.# .
#.....# #.##.##
#. #.....#
#.##.<# #.....#


You could see 3 gnolls.

Vanquished Creatures
  A worm (D:2)
  A dart slug (D:1)
  3 bats
  2 endoplasms
  A hobgoblin (D:1)
  A quokka (D:1)
  10 ball pythons
  A frilled lizard (D:1)
  2 goblins (D:1)
  3 kobolds
  4 rats (D:1)
29 creatures vanquished.

Notes
Turn   | Place    | Note
-------+----------+-------------------------------------------
     0 | D:1      | qw the Tengu Warper began the quest for the Orb.
     0 | D:1      | Reached XP level 1. HP: 12/12 MP: 4/4
     0 | D:1      | 0 ||| qw: Version: 0.1-a-89-g26bdef1
     0 | D:1      | 0 ||| qw: Game counter: 3245
     0 | D:1      | 0 ||| qw: Always use a shield: true
     0 | D:1      | 0 ||| qw: God list: Okawaru
     0 | D:1      | 0 ||| qw: Allow faded altars: false
     0 | D:1      | 0 ||| qw: Do Orc after D:15 true
     0 | D:1      | 0 ||| qw: Do second Lair branch before Depths: true
     0 | D:1      | 0 ||| qw: Lair rune preference: random
     0 | D:1      | 0 ||| qw: Plans: Normal
     0 | D:1      | 0 ||| PLANNING D:1-11
    64 | D:1      | Reached XP level 2. HP: 17/17 MP: 6/6
    66 | D:1      | Reached skill level 3 in Axes
   108 | D:1      | 108 ||| Stepping ~*~*~tactically~*~*~ (stealth).
   115 | D:1      | 115 ||| Stepping ~*~*~tactically~*~*~ (stealth).
   309 | D:1      | 309 ||| Stepping ~*~*~tactically~*~*~ (stealth).
   331 | D:1      | 331 ||| Stepping ~*~*~tactically~*~*~ (hiding).
   344 | D:1      | 344 ||| Stepping ~*~*~tactically~*~*~ (hiding).
   446 | D:1      | 446 ||| Stepping ~*~*~tactically~*~*~ (hiding).
   783 | D:1      | 783 ||| UPGRADING to +0 scale mail.
   793 | D:1      | 793 ||| DROPPING +0 leather armour.
   794 | D:1      | 794 ||| UPGRADING to +0 pair of gloves.
   799 | D:1      | 799 ||| READING scroll labelled WEFUTA VORUMU.
   800 | D:1      | 800 ||| READING 2 scrolls labelled VOBAUV KEPRU.
   801 | D:1      | 801 ||| READING scroll labelled SUIS FATAIRU.
   802 | D:1      | 802 ||| DROPPING scroll of blinking.
   825 | D:2      | Reached XP level 3. HP: 21/21 MP: 7/7
   942 | D:2      | 942 ||| Stepping ~*~*~tactically~*~*~ (stealth).
   973 | D:2      | 973 ||| Stepping ~*~*~tactically~*~*~ (stealth).
   974 | D:2      | 974 ||| Stepping ~*~*~tactically~*~*~ (stealth).
  1006 | D:2      | Reached skill level 4 in Axes
  1298 | D:2      | 1298 ||| Stepping ~*~*~tactically~*~*~ (hiding).
  1300 | D:2      | 1300 ||| Stepping ~*~*~tactically~*~*~ (hiding).
  1303 | D:2      | 1303 ||| Stepping ~*~*~tactically~*~*~ (stealth).
  1308 | D:2      | HP: 5/21 [gnoll/+0 spear (3)]
  1309 | D:2      | Slain by a gnoll

Levels and vault maps discovered:
D:1:      dpeg_arrival_pond, layout_rooms
D:2:      layout_basic

Skill      XL: |  1  2  3 |
---------------+----------+-----
Axes           | 3 4 |  4.0
Fighting       | |  2.0
Throwing       | |  1.0
Armour         | |  1.1
Dodging        | |  2.1
Spellcasting   | |  2.0
Translocations | |  2.4

Action                   || total
-------------------------++-------
Melee: Hand axe          ||    55
       Kick              ||    10
       Peck              ||     9
Throw: Boomerang         ||     7
  Use: Scroll            ||     3
Armor: Leather armour    ||     2
       Scale mail        ||     7
Dodge: Dodged            ||    29

Table legend:
 A = Non-vault XP
 B = Vault XP
 C = Vault XP percentage of total XP
 D = Non-vault monster count
 E = Vault monster count
 F = Vault count percentage of total count
                 A         B        C        D         E       F
            +---------+---------+-------+---------+---------+-------
      Total |      48 |       0 |   0.0 |      29 |       0 |   0.0
            +---------+---------+-------+---------+---------+-------
        D:1 |      32 |       0 |   0.0 |      21 |       0 |   0.0
        D:2 |      16 |       0 |   0.0 |       8 |       0 |   0.0
            +---------+---------+-------+---------+---------+-------
